 Dungeon Crawl Stone Soup version 0.29-a0-322-g68df515428 (webtiles) character file.

Game seed: 5378047748993896394

223 Flugslaktarn the Stinger (level 6, -6/33 (41) HPs)
             Began as a Human Venom Mage on Apr 8, 2022.
             Killed from afar by Sigmund (7 damage)
             ... with a magic dart
             ... on level 4 of the Dungeon.
             The game lasted 00:07:31 (1230 turns).

Flugslaktarn the Stinger (Human Venom Mage)         Turns: 1230, Time: 00:07:31

HP:   -6/33 (41)    AC:  2    Str:  8    XL:     6   Next: 20%
MP:   3/10          EV: 12    Int: 18    God:
Gold: 150           SH:  0    Dex: 11    Spells: 5/11 levels left

rFire   + . .      SeeInvis .   (no weapon)
rCold   + + .      Faith    .   (no shield)
rNeg    . . .      Spirit   .   a - +0 robe
rPois   +          Reflect  .   (no helmet)
rElec   +          Harm     .   (no cloak)
rCorr   +          Rampage  .   (no gloves)
Will    .....                   (no boots)
Stlth   ++........              (no amulet)
HPRegen 0.11/turn               (no ring)
MPRegen 0.12/turn               (no ring)

@: resistant, heavily drained
A: talons 1, clumsy 1, cold resistance 1
a: no special abilities


You were on level 4 of the Dungeon.
You visited 1 branch of the dungeon, and saw 4 of its levels.
You also visited: Sewer.

You collected 150 gold pieces.

Inventory:

Missiles
 f - 3 boomerangs
Armour
 a - a +0 robe (worn)
 i - a +2 ring mail of willpower
   (You found it on level 3 of the Dungeon)
 u - a +0 kite shield
   (You found it on level 2 of the Dungeon)
Magical Staves
 g - a staff of poison
   (You found it on level 2 of the Dungeon)
Wands
 c - a wand of polymorph (2)
   (You found it on level 4 of the Dungeon)
 o - a wand of iceblast (3)
   (You found it on level 4 of the Dungeon)
Scrolls
 d - 2 scrolls of fog {unknown}
 j - a scroll of teleportation {unknown}
 k - 3 scrolls of identify {unknown}
 m - a scroll of immolation {unknown}
Potions
 b - a potion of magic
 e - a potion of attraction {unknown}
 h - a potion of flight {unknown}
 l - a potion of lignification
 n - a potion of resistance
 p - a potion of mutation
 q - a potion of curing
 r - a potion of cancellation
 s - a potion of invisibility {unknown}
 t - a potion of might {unknown}
 v - 2 potions of heal wounds {unknown}


   Skills:
 - Level 2.0 Dodging
 - Level 2.0 Stealth
 - Level 3.0 Spellcasting
 - Level 2.0 Transmutations
 - Level 2.0 Air Magic
 + Level 5.1 Poison Magic


You had 5 spell levels left.
You knew the following spells:

 Your Spells              Type           Power      Damage    Failure   Level
a - Sting                 Tmut/Pois      60%        1d6       3%          1
b - Poisonous Vapours     Pois/Air       30%        N/A       6%          2
c - Mephitic Cloud        Conj/Pois/Air  11%        N/A       19%         3

Your spell library contained the following spells:

 Spells                   Type           Power      Damage    Failure   Level
 Olgreb's Toxic Radiance  Pois           21%        N/A       21%         4
 Gell's Gravitas          Tloc           2%         N/A       43%         3
 Lesser Beckoning         Tloc           2%         N/A       43%         3
 Teleport Other           Tloc           2%         N/A       43%         3


Dungeon Overview and Level Annotations

Branches:
Dungeon (4/15)              Sewer (visited)
 Temple: D:4-7

Altars:

Shops:
D:2 *

Annotations:
D:4 Sigmund


Innate Abilities, Weirdness & Mutations

You have sharp toenails.
You are clumsy. (Dex -2)
Your flesh is cold resistant. (rC+)


Message History

The orc closely misses you.
You hit the orc.
You envenom the orc.
You kill the orc!
You see here a +0 club.
You see here a +0 club.
The necrophage hits you.
You feel drained.
Casting: Sting (safe; 3% risk of failure)
Confirm with . or Enter, or press ? or * to list all spells.
Aiming: Sting (safe; 3% risk of failure)
Press: ? - help, Shift-Dir - straight line, f - necrophage
Aim: a necrophage (76% to hit)
You feel a surge of power!
The sting hits the necrophage.
The necrophage partially resists.
The necrophage is lightly damaged.
The necrophage hits you.
You hit the necrophage but do no damage.
The necrophage is lightly damaged.
The necrophage hits you.
You feel drained.
You hit the necrophage but do no damage.
The necrophage is lightly damaged.
The necrophage hits you.
You feel drained.
You are too injured to fight recklessly!
The necrophage attacks as you move away!
The necrophage barely misses you.
The necrophage attacks as you move away!
The necrophage hits you.
It was a potion of curing.
You feel better.
q - 2 potions of curing;
c - a wand of polymorph (2)
The necrophage hits you.
Casting: Sting (safe; 3% risk of failure)
Confirm with . or Enter, or press ? or * to list all spells.
Aiming: Sting (safe; 3% risk of failure)
Press: ? - help, Shift-Dir - straight line, f/p - necrophage
Aim: a necrophage (lightly damaged, 76% to hit)
You feel a surge of power!
The sting hits the necrophage but does no damage.
The necrophage is lightly damaged.
The necrophage hits you.
You feel drained.
Casting: Sting (safe; 3% risk of failure)
Confirm with . or Enter, or press ? or * to list all spells.
Aiming: Sting (safe; 3% risk of failure)
Press: ? - help, Shift-Dir - straight line, f/p - necrophage
Aim: a necrophage (lightly damaged, 76% to hit)
You feel a surge of power!
The sting hits the necrophage but does no damage.
The necrophage is lightly damaged.
The necrophage hits you.
* * * LOW HITPOINT WARNING * * *
Casting: Sting (safe; 3% risk of failure)
Confirm with . or Enter, or press ? or * to list all spells.
Aiming: Sting (safe; 3% risk of failure)
Press: ? - help, Shift-Dir - straight line, f/p - necrophage
Aim: a necrophage (lightly damaged, 76% to hit)
You feel a surge of power!
The sting hits the necrophage.
The necrophage partially resists.
The necrophage is lightly damaged.
The necrophage hits you.
* * * LOW HITPOINT WARNING * * *
You feel drained.
Okay, then.
It was a potion of lignification.
You turn into a tree.
Your +0 robe melds into your body.
Your roots penetrate the ground.
The necrophage completely misses you.
You are now empty-handed.
You hit the necrophage.
The necrophage is moderately damaged.
The necrophage hits you but does no damage.
You barely miss the necrophage.
The necrophage is moderately damaged.
The necrophage hits you but does no damage.
Sigmund shouts!
You hit the necrophage.
The necrophage is heavily damaged.
The necrophage hits you.
* * * LOW HITPOINT WARNING * * *
You feel drained.
* * * LOW HITPOINT WARNING * * *
Unknown command.
You feel better. The necrophage hits you.
* * * LOW HITPOINT WARNING * * *
You feel drained.
* * * LOW HITPOINT WARNING * * *
It was a potion of cancellation.
Your magical effects are unravelling.
You feel magically purged.
You feel less wooden.
Your +0 robe unmelds from your body.
The necrophage barely misses you.
It was a potion of mutation.
You feel extremely strange.
You feel clumsy.
Your toenails lengthen and sharpen.
You feel resistant to cold. Sigmund closely misses you.
The necrophage misses you.
Unknown command.
Okay, then.
It was a potion of resistance.
You feel protected.
n - a potion of resistance;
u - a +0 kite shield The necrophage closely misses you.
Sigmund casts a spell at you. The magic dart hits you!
You die...

.......# #.# ####........##.
.......## #.## ##....###...###.
........####..####..###......##..
..............##...####.##...##..
#######..##......###.........##..
##...#.................##..
###.....<.............##..
####...#####...............
###.......@.@n.#.............
###........#########...........
##..................)...........
##..##........########...........
...........#.......<.#...........
.........###.....................
.#####..## #......<..#...........
## #).# #.........#...##.....# ##
#....# #.........###.###.....


You could see a necrophage and Sigmund.

Vanquished Creatures
  Pargi (Sewer)
  A hound (D:4)
  Natasha (twice) (D:3)
  2 worms (D:4)
  A dart slug (D:3)
  An orc (D:4)
  3 ball pythons (Sewer)
  2 bats (D:2)
  2 endoplasms
  4 giant cockroaches
  2 goblins
  A hobgoblin (D:4)
  5 jackals
  5 kobolds
  3 quokkas
  5 frilled lizards
  2 rats (D:2)
42 creatures vanquished.

Notes
Turn   | Place    | Note
-------+----------+-------------------------------------------
     0 | D:1      | Flugslaktarn the Human Venom Mage began the quest for the
                  | Orb.
     0 | D:1      | Reached XP level 1. HP: 13/13 MP: 3/3
    68 | D:2      | Found Ycuclik's Assorted Antiques.
   195 | D:2      | Reached XP level 2. HP: 18/19 MP: 1/5
   198 | D:2      | Learned a level 2 spell: Poisonous Vapours
   431 | D:2      | Found a faded altar of an unknown god.
   626 | D:3      | Noticed Natasha
   636 | D:3      | Killed Natasha
   637 | D:3      | Reached skill level 1 in Air Magic
   637 | D:3      | Reached XP level 3. HP: 21/24 MP: 1/6
   641 | D:3      | Learned a level 3 spell: Mephitic Cloud
   644 | D:3      | Noticed Natasha
   648 | D:3      | Killed Natasha
   649 | D:3      | Reached XP level 4. HP: 28/30 MP: 3/7
   680 | D:4      | Noticed Sigmund
   713 | D:4      | Noticed a necrophage
   737 | D:4      | Reached XP level 5. HP: 17/35 MP: 1/9
   864 | D:4      | Found a glowing drain.
   907 | Sewer    | Entered a sewer
   914 | Sewer    | Reached skill level 4 in Poison Magic
   924 | Sewer    | Noticed Pargi
  1066 | Sewer    | Killed Pargi
  1067 | Sewer    | Reached skill level 5 in Poison Magic
  1067 | Sewer    | Reached XP level 6. HP: 41/41 MP: 3/10
  1226 | D:4      | HP: 2/51 [necrophage (1)]
  1229 | D:4      | Gained mutation: You are clumsy. (Dex -2) [potion of
                  | mutation]
  1229 | D:4      | Gained mutation: You have sharp toenails. [potion of
                  | mutation]
  1229 | D:4      | Gained mutation: Your flesh is cold resistant. (rC+)
                  | [potion of mutation]
  1230 | D:4      | Killed from afar by Sigmund

Illustrated notes

Levels and vault maps discovered:
D:1:      dpeg_arrival_tiny_c, layout_loops_cross
D:2:      layout_loops_cross, chequers_ecumenical_altar_island, serial_shops,
          nicolae_diamond_shop, hangedman_decor_lopped
D:3:      layout_loops_ring, uniq_natasha
D:4:      layout_rooms, cheibrodos_sewer_entry_bend, minmay_circle_x,
          uniq_sigmund

Skill      XL: |  1  2  3  4  5 |
---------------+----------------+-----
Transmutations | 2 |  2.0
Air Magic      | 1 2 |  2.0
Spellcasting   | 3 |  3.0
Poison Magic   | 5 |  5.1
Dodging        | |  2.0
Stealth        | |  2.0

Action                   |  1- 3 |  4- 6 || total
-------------------------+-------+-------++-------
Melee: Unarmed           |     5 |     3 ||     8
       Punch             |     1 |       ||     1
       Staff             |    12 |    29 ||    41
 Cast: Sting             |    24 |    43 ||    67
       Poisonous Vapours |     1 |     6 ||     7
       Mephitic Cloud    |       |     2 ||     2
Evoke: Wand              |     1 |       ||     1
  Use: Potion            |       |     6 ||     6
Armor: Robe              |     5 |     4 ||     9
       Skin              |       |     2 ||     2
Dodge: Dodged            |    21 |    51 ||    72

Table legend: (Time is in decaauts)
 A = Elapsed time spent in this place.
 B = Non-inter-level travel time spent in this place.
 C = Inter-level travel time spent in this place.
 D = Time resting spent in this place.
 E = Time spent auto-exploring this place.
 F = Levels seen in this place.
 G = Mean time per level.
                   A        B        C        D        E       F      G
               +--------+--------+--------+--------+--------+-----+--------+
         Total |   1338 |   1294 |     44 |      0 |      0 |   5 |  267.6 |
       Dungeon |   1093 |   1049 |     44 |      0 |      0 |   4 |  273.2 |
         Sewer |    244 |    244 |      0 |      0 |      0 |   1 |  244.0 |
               +--------+--------+--------+--------+--------+-----+--------+

Top non-repeatable levels by time:
     D:4: 385 daAuts
     D:2: 334 daAuts
     D:3: 269 daAuts
   Sewer: 244 daAuts
     D:1: 104 daAuts
